Map: Prion Terraces

Players

Miszu - Winner!

  • Race: Terran Terran
  • League: Grandmaster

Fmtc

  • Race: Zerg Zerg
  • League: Master

VOD

Have the link to the VOD?

Description

Time

  • Played on: Feb. 8, 2016, 12:37 p.m.
  • Length: 6:12
Show
View Real Time Build Order
Export as new Build Order

Miszu Terran - Winner!

Build Orders:  

Get SALT Encoding   

  12  0:00  SCV  
  13  0:13  SCV  
  14  0:17  Supply Depot  
  14  0:25  SCV  
  15  0:39  SCV  
  15  0:40  Barracks  
  16  0:44  Refinery  
  16  0:51  SCV  
  17  1:04  Barracks, SCV  
  18  1:16  SCV  
  19  1:28  Orbital Command  
  19  1:29  Reaper  
  20  1:36  Barracks  
  20  1:46  Supply Depot  
  20  1:51  Reaper  
  20  1:53  SCV  
  22  2:06  SCV  
  22  2:08  Reaper  
  24  2:11  Refinery  
  24  2:16  Supply Depot  
  24  2:17  Supply Depot  
  24  2:18  SCV  
  25  2:23  Reaper  
  26  2:30  SCV  
  27  2:38  Reaper  
  27  2:42  SCV  
  29  2:51  Reaper  
  29  2:54  SCV  
  31  2:59  Command Center  
  31  3:01  Reaper  
  32  3:06  SCV  
  32  3:10  Reaper  
  34  3:23  Reaper  
  35  3:32  SCV  
  35  3:41  Barracks Tech Lab  
  35  3:43  Barracks Reactor  
  35  3:44  SCV  
  36  3:48  Command Center  
  36  3:56  SCV  
  36  4:00  Marine  
  36  4:02  Marine  
  39  4:03  Stimpack  
  39  4:07  Bunker  
  39  4:10  SCV  
  39  4:13  Orbital Command  
  40  4:18  Marine  
  40  4:22  SCV  
  39  4:31  Marine x3  
  41  4:35  Marine, SCV  
  44  4:38  SCV  
  45  4:46  Factory  
  45  4:47  SCV  
  45  4:48  Marine  
  45  4:49  Marine x2  
  45  4:50  SCV  
  49  4:53  Marine  
  49  4:59  SCV  
  51  5:06  Marine  
  51  5:14  Marine  
  51  5:15  Marine x2  
  53  5:24  Marine  
  53  5:32  Marine  
  53  5:33  Marine x2  
  56  5:42  Marine  
  57  5:43  SCV x2  
  57  5:46  Starport, Factory Reactor  
  57  5:47  Barracks  
  60  5:50  Marine, Barracks  
  60  5:51  Engineering Bay  
  60  5:53  Engineering Bay  
  60  5:54  Supply Depot x2  
  60  5:55  SCV  
Show
View Real Time Build Order
Export as new Build Order

Fmtc Zerg 

Build Orders: Hatch First 

Get SALT Encoding   

  12  0:01  Drone  
  13  0:12  Overlord  
  13  0:17  Drone  
  14  0:30  Drone  
  14  0:31  Drone  
  14  0:34  Drone  
  17  0:52  Hatchery  
  17  0:54  Drone  
  17  1:00  Drone  
  18  1:10  Spawning Pool  
  17  1:15  Extractor  
  17  1:16  Drone  
  17  1:19  Drone  
  18  1:28  Drone  
  19  1:39  Overlord  
  19  1:57  Queen  
  19  1:58  Zergling x2  
  19  2:00  Zergling x2  
  23  2:04  Queen  
  23  2:05  Zergling x2  
  26  2:11  Drone  
  26  2:15  Metabolic Boost  
  27  2:17  Drone  
  28  2:25  Drone x2  
  30  2:32  Overlord  
  30  2:42  Roach Warren  
  30  2:44  Queen  
  29  2:50  Zergling x2  
  29  2:51  Zergling x4  
  33  3:00  Drone x2  
  35  3:19  Overlord x2  
  35  3:22  Zergling x4  
  36  3:28  Roach x4  
  43  3:35  Zergling x2  
  43  3:42  Roach x3  
  43  3:46  Drone x2  
  51  3:51  Drone x2  
  53  4:01  Overlord  
  53  4:02  Drone  
  55  4:10  Drone x5  
  55  4:15  Drone  
  59  4:27  Roach x3  
  59  4:28  Roach  
  65  4:35  Extractor  
  65  4:36  Overlord  
  64  4:44  Ravager  
  65  4:48  Zergling x4  
  65  4:51  Overlord  
  67  4:54  Hatchery  
  67  4:59  Roach  
  70  5:00  Roach x2  
  70  5:12  Ravager  
  70  5:13  Zergling x14  
  78  5:25  Zergling x4  
  78  5:27  Ravager  
  79  5:29  Zergling x2  
  80  5:38  Zergling x6  
  80  5:39  Zergling x2  
  80  5:42  Zergling x2  
  83  5:49  Ravager  
  84  5:51  Overlord x2  
Tags
 
Add a new tag
Caveats
  • Supply blocks, unpowered buildings, or Contaminate may cause inaccurate times.
  • Supply counts are checked every 10 seconds.